Cogmind - Beta 17.1 @@@ ROGUE MODE // 2026.09.18 @ 17:33:52 Player: 4R-ZE3 Result: Self-destructed Performance ------------- Evolutions (6) 3000 Regions Visited (17) 3400 Robots Destroyed (222) 1110 Value Destroyed (9560) 9560 Prototype IDs (32) 640 Alien Tech Used (1) 200 Bonus (27603) 27603 TOTAL SCORE: 45513 Bonus ------- High Alert Combat Kills 2021 Follower Combat Kills 761 Prayed to X0-1V1 5000 Major X0-1V1 Interference 19050 Network Hubs Disabled 200 Met Zhirov 300 Met R17 at Cetus 500 Friendly Fire -229 Cogmind --------- Core Integrity 1007/1260 Matter 118/150 Energy 180/180 System Corruption 9% Temperature Warm (195) Movement Flying (146) Location -4/Upper Caves Parts ------- > --- POWER (2) -------- Light Particle Reactor > --- PROPULSION (6) --- Flying VTOL-Spiked Exoskeleton > --- UTILITY (8) ------ Advanced Heat Sink High-capacity Storage Unit Enhanced Optical Array Advanced Signal Interpreter X0-1V1's Piety Tracker > --- WEAPON (4) ------- EM Disruptor Construct/C > --- INVENTORY (20) --- Improved Matter Compressor (300) Makeshift Trap Scanner Improved Signal Interpreter Improved Armor Integrity Analyzer Improved Weapon Cycler Improved Transmission Jammer Experimental Thermal Shield EM Shield Improved Component Analysis Suite Long-range Tractor Beam Transdimensional Reconstructor Wave Gun Peak State ------------ > --- POWER ------------ Particle Reactor Antimatter-Graviton Reactor > --- PROPULSION ------- Spiked Heavy Treads Flying VTOL-Spiked Exoskeleton > --- UTILITY ---------- Armored Scrap Engine Advanced Heat Sink Advanced Heat Sink High-capacity Storage Unit Enhanced Optical Array X0-1V1's Piety Tracker > --- WEAPON ----------- Hpw. Ballistic Rail Construct/G EM Disruptor Construct/C > --- INVENTORY -------- Advanced Heat Sink Advanced Heat Sink Improved Matter Compressor Makeshift Trap Scanner Improved Signal Interpreter Improved Weapon Cycler Improved Transmission Jammer Experimental Thermal Shield EM Shield Improved Component Analysis Suite Long-range Tractor Beam Transdimensional Reconstructor Tesla Rifle Improved Arc Projector Proton Cannon Disruptor Cannon Mass Driver [Rating: 132] Favorites ----------- Power Cooled Ion Engine Engine Cooled Ion Engine Power Core Neutrino Core Reactor Constructs Propulsion Light Treads Treads Light Treads Leg Aluminum Leg Wheel Wheel Hover Unit Cooled Aerolev Unit Flight Unit Constructs Utility Advanced Heat Sink Device Advanced Heat Sink Storage High-capacity Storage Unit Processor Enhanced Optical Array Protection Centrium Light Armor Plating Weapon Constructs Energy Gun Constructs Energy Cannon Constructs Ballistic Gun Enhanced Autogun Ballistic Cannon Constructs Launcher Grenade Launcher Special Weapon Mining Laser Build | -11 -10 -10 -8 -8 -8 -6 -6 -6 -6 -6 -5 -5 -5 -5 -4 -4 -4 ------- Run | Yrd Mat Sub Mat Sto Rec Fac Ext Cet Arc Hub Fac Upp Upp Zhi Pro Fac Upp Slots Evolved 12 | . . . 4 . . 4 . . . . 2 . . . . 2 . Power . | . . . . . . . . . . . . . . . . . . Propulsion 5 | . . . 2 . . 1 . . . . 2 . . . . . . Utility 5 | . . . 1 . . 3 . . . . . . . . . 1 . Weapon 2 | . . . 1 . . . . . . . . . . . . 1 . Parts Attached 94 | . 10 1 21 16 2 6 3 2 2 1 11 7 1 2 3 4 2 Power 14 | . 1 . 1 5 . . 1 . . 1 1 1 . . 1 2 . Engine 7 | . 1 . 1 4 . . . . . . 1 . . . . . . Core 4 | . . . . 1 . . 1 . . 1 . 1 . . . . . Reactor 3 | . . . . . . . . . . . . . . . 1 2 . Propulsion 16 | . 3 . 5 4 1 . . . . . . 2 . . 1 . . Treads 14 | . 3 . 4 3 1 . . . . . . 2 . . 1 . . Leg . | . . . . . . . . . . . . . . . . . . Wheel 1 | . . . 1 . . . . . . . . . . . . . . Hover 1 | . . . . 1 . . . . . . . . . . . . . Flight . | . . . . . . . . . . . . . . . . . . Utility 47 | . 3 1 6 3 1 6 2 2 2 . 10 4 1 2 1 1 2 Device 36 | . 2 1 4 3 1 4 1 2 2 . 8 3 1 1 1 . 2 Storage 3 | . 1 . 1 . . 1 . . . . . . . . . . . Processor 6 | . . . 1 . . 1 1 . . . 1 1 . . . 1 . Hackware . | . . . . . . . . . . . . . . . . . . Protection 2 | . . . . . . . . . . . 1 . . 1 . . . Artifact . | . . . . . . . . . . . . . . . . . . Weapon 17 | . 3 . 9 4 . . . . . . . . . . . 1 . Energy Gun 1 | . . . . 1 . . . . . . . . . . . . . Energy Cannon 6 | . 2 . 4 . . . . . . . . . . . . . . Ballistic Gun 7 | . . . 4 3 . . . . . . . . . . . . . Ballistic Cannon . | . . . . . . . . . . . . . . . . . . Launcher 1 | . . . 1 . . . . . . . . . . . . . . Special Weapon 2 | . 1 . . . . . . . . . . . . . . 1 . Impact Weapon . | . . . . . . . . . . . . . . . . . . Slashing Weapon . | . . . . . . . . . . . . . . . . . . Piercing Weapon . | . . . . . . . . . . . . . . . . . . Special Melee Weapon . | . . . . . . . . . . . . . . . . . . Unidentified Prototypes 14 | . . 1 3 4 1 . . . . . 3 . . 2 . . . Corrupted Parts 3 | . . . . . . . . 1 . . 1 . . . . 1 . System Corruption 26 | . . . . . . . . 7 . . 10 . . . . 9 . Parts Lost 32 | . . . 1 3 . 1 1 1 . 3 1 7 . . 2 10 2 Power 10 | . . . 1 . . . . . . 2 . 3 . . 1 3 . Propulsion 3 | . . . . 2 . . . . . . . . . . . 1 . Utility 15 | . . . . 1 . . 1 1 . 1 1 3 . . 1 4 2 Weapon 4 | . . . . . . 1 . . . . . 1 . . . 2 . Highest Loss Streak 8 | . . . 1 2 . 1 1 1 . 2 1 6 . . 2 8 2 To Critical Strikes 2 | . . . . . . . . . . . . . . . . 2 . Average Backups 15 | . 8 10 13 14 11 15 16 15 17 16 18 18 19 19 17 14 13 Power . | . 1 1 . 1 . 1 2 1 1 1 1 . . . . . . Propulsion 1 | . 3 2 . 1 5 3 2 2 2 1 . 1 1 . . . . Utility 7 | . 1 3 2 1 1 4 5 6 7 8 12 12 11 10 11 10 11 Weapon 5 | . 3 4 8 9 4 7 6 6 5 5 4 5 7 7 5 1 1 Tool/Special . | . . . . . . . . . . . . . . . . . . Unused Backups 72 | . 9 . 3 4 19 2 4 4 4 1 8 . . 1 2 2 9 Power 5 | . 1 . . 1 1 . . 2 . . . . . . . . . Propulsion 23 | . 5 . . . 10 2 1 . 1 1 1 . . 1 . . 1 Utility 11 | . 1 . 1 . . . . . . . 3 . . . . . 6 Weapon 32 | . 2 . 2 3 8 . 3 2 3 . 4 . . . 2 2 1 Tool/Special 1 | . . . . . . . . . . . . . . . . . 1 Average Slot Usage (%) 68 | . 99 100 96 99 90 72 61 55 56 55 50 48 55 54 57 50 39 Engine 6 | . 14 14 8 15 18 12 7 1 . . . . . . . . . Reactor 2 | . . . . . . . . 4 6 4 . . 5 5 7 9 5 Treads 11 | . 27 28 30 28 20 3 . . 2 6 5 11 1 . . 3 4 Device 20 | . 13 14 16 17 14 17 20 26 31 30 26 19 22 21 21 20 13 Storage 7 | . 14 14 9 9 9 6 5 6 6 6 5 5 5 5 5 5 5 Processor 2 | . . . . . . 4 7 4 . . . 4 5 5 5 5 10 Energy Cannon 6 | . 16 28 17 8 7 3 5 6 . . 2 5 5 5 5 . 1 Ballistic Gun 5 | . 4 . 8 18 15 6 . . . . . . 5 5 4 . . Ballistic Cannon 1 | . . . . . 1 11 4 . 5 6 2 . . . . 4 . Peak Build Rating 132 | . 11 20 38 49 65 96 123 125 125 125 126 127 119 120 132 120 90 Average Rating 82 | . 8 20 31 42 42 86 105 113 123 122 121 98 115 116 116 109 80 On Entrance 77 | 6 6 11 20 25 46 65 96 106 125 123 108 121 117 115 120 109 72 Avg Prop Armor Cover (%) 13 | . . . 2 . . . . . . . . 16 . . . . . Naked Turns . | . . . . . . . . . . . . . . . . . . Heaviest Build 108 | 11 22 22 45 50 51 82 107 99 102 101 90 95 108 108 97 91 66 Greatest Support 231 | 20 40 40 90 90 70 134 171 155 196 196 231 231 162 136 113 151 115 Greatest Overweight (x) 7 | . . . . . 2 1 . . . . . 7 . . . . . Average Overweight (x) . | . . . . . . . . . . . . . . . . . . Largest Inventory Capacity 20 | . 10 10 15 15 15 20 20 20 20 20 20 20 20 20 20 20 20 Average Capacity 17 | . 8 10 14 15 15 18 20 20 20 20 20 20 20 20 20 20 20 Most Carried 20 | . 10 10 15 15 15 20 20 20 20 19 20 20 20 20 19 16 15 Average Carried 15 | . 8 10 13 14 11 15 16 16 19 18 19 18 19 19 17 14 13 Final Capacity 20 | 8 10 10 15 15 15 20 20 20 20 20 20 20 20 20 20 20 20 Final Carried 20 | 6 10 10 14 15 15 19 17 20 19 16 20 20 19 19 15 15 12 Scrap Engine Consumption 101 | . . . . . 11 1 7 11 10 3 27 3 2 7 5 10 4 Constructs Created 12 | . . . . . 4 2 2 . . . 1 2 . . . . 1 Constructs Modified 79 | . . . . . 8 7 19 4 4 2 8 8 9 3 1 5 1 Class Distribution -------------------- 45% | Construct 23% | Mutant 9% | Commander-Gunner 7% | Scavenger-Gunner 5% | Commander-Construct 4% | Gunner Dominant Class ---------------- Mutant | -10/Materials Mutant | -10/Subcaves Scavenger-Gunner | -8/Materials Gunner | -8/Storage Commander-Gunner | -8/Recycling Commander-Construct | -6/Factory Construct | -6/Extension Construct | -6/Cetus Construct | -6/Archives Construct | -6/Hub_04(d) Construct | -5/Factory Mutant | -5/Upper Caves Construct | -5/Upper Caves Construct | -5/Zhirov Construct | -4/Proximity Caves Mutant | -4/Factory Mutant | -4/Upper Caves Resources | -11 -10 -10 -8 -8 -8 -6 -6 -6 -6 -6 -5 -5 -5 -5 -4 -4 -4 ----------- Run | Yrd Mat Sub Mat Sto Rec Fac Ext Cet Arc Hub Fac Upp Upp Zhi Pro Fac Upp Matter Collected 7105 | 200 206 16 407 741 229 801 514 284 230 145 1379 725 131 50 677 367 3 Remotely . | . . . . . . . . . . . . . . . . . . Salvage Created 11292 | . 720 . 472 1220 524 364 2296 674 626 566 1511 466 321 146 633 753 . Parts 525 | . 38 . 21 54 34 26 79 27 35 29 83 11 16 2 25 45 . Haulers Intercepted 8 | . 1 . 1 3 1 . . . . 1 1 . . . . . . Recyclers Shooed 3 | . . . . 1 . . 1 . . . 1 . . . . . . Parts Field Recycled . | . . . . . . . . . . . . . . . . . . Retrieved Matter . | . . . . . . . . . . . . . . . . . . Parts Self-Destructed 61 | . . 3 . . . . . . . . . 18 13 1 26 . . Prevented 3 | . . . . . . . . . . . . . 3 . . . . Parts Restored . | . . . . . . . . . . . . . . . . . . Kills | -11 -10 -10 -8 -8 -8 -6 -6 -6 -6 -6 -5 -5 -5 -5 -4 -4 -4 ------- Run | Yrd Mat Sub Mat Sto Rec Fac Ext Cet Arc Hub Fac Upp Upp Zhi Pro Fac Upp Combat Hostiles Destroyed 162 | . 18 . 11 18 9 4 32 9 4 1 19 8 8 . 9 12 . Melee 2 | . . . . . . . . . . . 1 1 . . . . . Guns 38 | . 11 . 5 9 5 1 2 . . . . . 1 . 4 . . Cannons 93 | . 7 . 3 9 4 3 21 1 4 1 18 7 5 . 5 5 . AOE 9 | . . . 3 . . . . . . . . . . . . 6 . Classes Destroyed 20 | . 6 . 3 1 3 1 4 1 . . . 1 . . . . . Worker 11 | . 1 . . . . . 1 . . 5 4 . . . . . . Builder 8 | . . . . . 1 . 1 . . 2 4 . . . . . . Tunneler 2 | . 1 . . . . . . . . . . . . . . 1 . Hauler 8 | . 1 . 1 3 1 . . . . 1 1 . . . . . . Recycler 8 | . 1 . 1 2 . 1 . . . 2 1 . . . . . . Carrier 3 | . . . . . . . 3 . . . . . . . . . . Operator 16 | . . . . 2 . . 1 . 9 1 . . . . . 3 . Watcher 3 | . . . . . . . . 2 . 1 . . . . . . . Swarmer 24 | . 6 . 3 . . . 4 . . . . 1 5 . . 5 . Grunt 68 | . 12 . 4 10 2 1 16 . . . 11 3 2 . 7 . . Brawler 3 | . . . . . 1 . 1 . . . . 1 . . . . . Duelist 7 | . . . 1 . 1 . 2 . . . . 2 . . 1 . . Sentry 28 | . . . 2 8 1 2 3 . 4 1 . 1 1 . 1 4 . Demolisher 1 | . . . . . . . 1 . . . . . . . . . . Specialist 1 | . . . . . . . 1 . . . . . . . . . . Hunter 6 | . . . 1 . . . 2 . . . 2 . . . . 1 . Programmer 10 | . . . . . . 1 . 1 . . 6 . . . . 2 . Behemoth 2 | . . . . . . . 2 . . . . . . . . . . Cetus Guard 8 | . . . . . . . . 8 . . . . . . . . . Subdweller 4 | . . . . . 4 . . . . . . . . . . . . Samaritan 1 | . . . . . . . . . . . . 1 . . . . . Guerrilla 1 | . . . . . . . 1 . . . . . . . . . . Best Kill Streak 9 | . 7 . 5 7 3 1 9 5 7 8 6 4 4 . 6 7 . Combat Bots Only 7 | . 7 . 5 7 3 1 7 4 4 1 5 4 4 . 6 7 . Max Kills in Single Turn 7 | . 2 . 3 1 2 1 2 1 1 7 1 1 1 . 1 3 . Gunslinging 1 | . 1 . . . . . . . . . . . . . . . . Exploded 3 | . . . 3 . . . . . . . . . . . . 3 . Melee 1 | . . . . . . . . . . . 1 1 . . . . . Uniques/NPCs Destroyed . | . . . . . . . . . . . . . . . . . . Combat | -11 -10 -10 -8 -8 -8 -6 -6 -6 -6 -6 -5 -5 -5 -5 -4 -4 -4 -------- Run | Yrd Mat Sub Mat Sto Rec Fac Ext Cet Arc Hub Fac Upp Upp Zhi Pro Fac Upp Hostile Shots Fired 1230 | . 64 . 54 104 39 65 192 47 7 133 85 126 44 . 81 169 20 Missed 427 | . 19 . 9 32 17 33 91 10 2 38 20 23 18 . 34 70 11 Hits 803 | . 45 . 45 72 22 32 101 37 5 95 65 103 26 . 47 99 9 Melee 4 | . . . . . . . . . . . . 3 . . 1 . . Projectile 799 | . 45 . 45 72 22 32 101 37 5 95 65 100 26 . 46 99 9 AOE 3 | . . . . 1 . . 2 . . . . . . . . . . Critical Strikes 41 | . 1 . 4 2 1 . 2 5 . 8 5 3 . . 5 5 . Damage Taken 14129 | . 464 . 612 1199 320 250 1547 946 124 2050 1108 2133 502 . 935 1783 156 Core 1543 | . 72 . 69 52 37 15 198 123 . 329 52 269 52 . 22 202 51 Absorbed by Shields 13 | . . . . . . . 13 . . . . . . . . . . Ignored by Resistances 154 | . . . . . 16 8 . . . . 130 . . . . . . Regen/Repaired (Parts) 5490 | . . . . . 25 134 609 387 510 74 1647 1108 28 267 82 500 119 Core Remaining (%) 71 | 100 . 71 . . 94 . . . . 30 . . . . 64 . . Volleys Fired 542 | . 54 . 30 72 22 20 58 24 21 20 72 33 25 1 29 57 4 Largest 5 | . 2 . 3 3 3 4 5 1 1 1 1 1 2 1 2 1 1 Hottest 500 | . 120 . 175 125 128 189 500 292 292 145 241 227 239 184 239 65 71 Shots Fired 893 | . 97 . 79 188 62 55 109 24 21 20 72 33 28 1 43 57 4 Gun 333 | . 44 . 37 139 39 23 19 . . . . . 9 . 23 . . Cannon 548 | . 42 . 41 49 23 32 90 24 21 20 72 33 19 1 20 57 4 Launcher 1 | . . . 1 . . . . . . . . . . . . . . Special 11 | . 11 . . . . . . . . . . . . . . . . Kinetic 468 | . 22 . 37 139 40 28 41 . 13 20 32 . 9 . 35 52 . Thermal 331 | . 75 . 41 49 14 15 33 2 8 . 40 33 12 1 8 . . Explosive 1 | . . . 1 . . . . . . . . . . . . . . Electromagnetic 93 | . . . . . 8 12 35 22 . . . . 7 . . 5 4 Robot Hit Streak 18 | . 12 . 14 15 18 5 17 7 13 3 9 3 10 3 6 7 2 Robot Miss Streak 9 | . 4 . 4 5 3 3 7 5 3 5 3 6 9 . 9 3 1 Penetration Max 1 | . . . . . 1 . 1 . . 1 . . . . 1 1 . Secondary Targets 3 | . 2 . . 1 . . . . . . . . . . . . . Max Gunslinging Chain 1 | . 1 . . 1 . . . . . . . . . . . . . Shots Hit Robots 538 | . 54 . 51 114 36 25 84 12 17 8 43 14 14 1 26 36 3 Core Hits 281 | . 28 . 21 42 18 14 50 9 9 12 20 6 8 2 19 22 1 Critical Kills . | . . . . . . . . . . . . . . . . . . Critical Parts Destroyed 5 | . . . . 2 . . 2 . . . . . . . 1 . . Critical Strikes 7 | . . . . 2 . . 3 . . . . . . . 2 . . Destroy 7 | . . . . 2 . . 3 . . . . . . . 2 . . Melee Attacks . | . . . . . . . . . . . . . . . . . . Impact . | . . . . . . . . . . . . . . . . . . Slashing . | . . . . . . . . . . . . . . . . . . Piercing . | . . . . . . . . . . . . . . . . . . Sneak Attacks . | . . . . . . . . . . . . . . . . . . Combat Hostiles . | . . . . . . . . . . . . . . . . . . Follow-up Attacks . | . . . . . . . . . . . . . . . . . . Damage Inflicted 27329 | . 796 . 1222 2318 851 463 4876 1411 1838 1884 5426 1530 790 89 1427 2319 89 Guns 3728 | . 321 . 387 1468 417 99 397 . . . . . 78 . 561 . . Cannons 21774 | . 475 . 675 850 434 364 4479 1411 1838 958 5149 1464 712 89 866 1921 89 Explosions 1522 | . . . 160 . . . . . . 926 62 . . . . 374 . Melee . | . . . . . . . . . . . . . . . . . . Ramming 305 | . . . . . . . . . . . 215 66 . . . 24 . Kinetic 11197 | . 164 . 387 1468 455 328 1325 . 903 958 2284 . 78 . 1189 1658 . Thermal 9597 | . 632 . 675 850 275 84 656 58 935 . 2927 1464 442 89 238 272 . Explosive 160 | . . . 160 . . . . . . . . . . . . . . Electromagnetic 6070 | . . . . . 121 51 2895 1353 . 926 . . 270 . . 365 89 Impact . | . . . . . . . . . . . . . . . . . . Slashing . | . . . . . . . . . . . . . . . . . . Piercing . | . . . . . . . . . . . . . . . . . . Highest Corruption 36 | . . . . . 18 21 19 26 26 29 21 32 33 22 36 9 9 Average Corruption 18 | . . . . . 10 6 18 20 24 21 11 21 25 22 27 9 9 Corruption Purged 6 | . . . . . . . . . 6 . . . . . . . . Corruption Blocked . | . . . . . . . . . . . . . . . . . . Effects 287 | . . . . . 5 8 32 19 19 21 53 47 26 17 34 1 5 Message Errors 78 | . . . . . 2 2 5 3 7 5 20 12 8 4 7 1 2 Matter Fused 63 | . . . . . 2 1 4 3 6 4 12 14 2 3 10 . 2 Heat Flow Errors 31 | . . . . . . 4 6 2 4 1 6 3 2 1 2 . . Energy Discharges 33 | . . . . . . . 5 2 1 3 8 4 4 2 4 . . Parts Rejected 5 | . . . . . . . 1 . . 1 . 1 2 . . . . Parts Fused 1 | . . . . . . . . . . . . . 1 . . . . Data Loss (minor) 42 | . . . . . . 1 6 6 1 3 5 6 4 4 6 . . Data Loss (major) 20 | . . . . . . . 1 2 . 1 . 6 3 3 4 . . Alerts 6 | . . . . . 1 . 1 1 . . 2 . . . . . 1 Misdirections 6 | . . . . . . . 2 . . 3 . 1 . . . . . Weapon Failures 2 | . . . . . . . 1 . . . . . . . 1 . . Overload Shots . | . . . . . . . . . . . . . . . . . . Overflow Damage 2418 | . . . . 14 . . 102 20 465 304 1136 195 9 17 44 112 . Projectiles 2339 | . . . . 14 . . 102 20 465 229 1132 195 9 17 44 112 . Explosions 75 | . . . . . . . . . . 75 . . . . . . . Melee 4 | . . . . . . . . . . . 4 . . . . . . Knockbacks 36 | . . . . . 1 . 10 . 2 1 9 . . . 4 9 . Impact 1 | . . . . . . . . . . . 1 . . . . . . Kinetic 33 | . . . . . 1 . 10 . 2 1 6 . . . 4 9 . Secondary 2 | . . . . . . . . . . . 2 . . . . . . Self-Inflicted Damage 159 | . . . 10 . . . . . . 98 51 . . . . . . Shots 3 | . . . 1 . . . . . . 1 1 . . . . . . Rammed 25 | . . . . . . . . . . . 12 13 . . . . . Targets Rammed 29 | . . . . . . . . . . . 14 14 . . . 1 . Kicked . | . . . . . . . . . . . . . . . . . . Crushed 4 | . . . . . . . . . . . 2 1 . . . 1 . Highest Temperature 517 | . 138 . 359 301 278 301 446 474 426 154 438 517 312 147 314 297 215 Average Temperature 119 | . 43 . 104 128 76 79 152 152 137 61 131 175 120 76 99 57 113 Received Heat Transfer 3306 | . 216 . 261 537 144 45 685 . 9 180 285 450 18 . 310 166 . Effects 34 | . . . 3 5 . . 12 1 2 . 3 8 . . . . . Shutdowns 2 | . . . . . . . 1 . . . 1 . . . . . . Energy Bleed 9 | . . . 2 2 . . . . 2 . 1 2 . . . . . Interference 16 | . . . . 3 . . 11 . . . 1 1 . . . . . Short Circuit 3 | . . . 1 . . . . 1 . . . 1 . . . . . Damage (major) 4 | . . . . . . . . . . . . 4 . . . . . Siege Activations . | . . . . . . . . . . . . . . . . . . Martial Activations . | . . . . . . . . . . . . . . . . . . Shielding Activations . | . . . . . . . . . . . . . . . . . . Robots Disrupted 2 | . . . . . . . . . . . . . . . 2 . . Combat Hostiles 2 | . . . . . . . . . . . . . . . 2 . . Robots Corrupted 22 | . . . . . . . 10 8 . 1 1 . 1 . . 1 . Combat Hostiles 17 | . . . . . . . 7 8 . . . . 1 . . 1 . Parts Fried 39 | . . . . . . . 16 8 . 6 2 . 2 . . 5 . Impact Corruptions 1 | . . . . . . . . . . . 1 . . . . . . Robots Melted 2 | . . . . 1 . . . . . . . . 1 . . . . Combat Hostiles 1 | . . . . . . . . . . . . . 1 . . . . Parts Melted 11 | . 2 . 1 1 2 . 1 . 1 . 1 . 2 . . . . Heat Transferred 8298 | . 1349 . 999 1258 407 259 827 37 296 . 938 666 555 111 296 300 . Parts Sabotaged . | . . . . . . . . . . . . . . . . . . Parts Stolen . | . . . . . . . . . . . . . . . . . . Parts Stripped . | . . . . . . . . . . . . . . . . . . Power Chain Reactions 3 | . . . . . . . . . . . . . . . . 3 . Alert | -11 -10 -10 -8 -8 -8 -6 -6 -6 -6 -6 -5 -5 -5 -5 -4 -4 -4 ------- Run | Yrd Mat Sub Mat Sto Rec Fac Ext Cet Arc Hub Fac Upp Upp Zhi Pro Fac Upp Maximum Alert Level 5 | . . . 1 1 3 4 5 3 2 1 1 . . . . 2 . Low Security (%) 58 | . 100 . 96 68 94 . . . . 74 50 . . . . 45 . Level 1 20 | . . . 3 31 . . . . 88 25 49 . . . . 41 . Level 2 2 | . . . . . 4 18 1 . 11 . . . . . . 12 . Level 3 8 | . . . . . 1 34 10 100 . . . . . . . . . Level 4 8 | . . . . . . 46 75 . . . . . . . . . . Level 5 1 | . . . . . . . 13 . . . . . . . . . . High Security . | . . . . . . . . . . . . . . . . . . Max Security . | . . . . . . . . . . . . . . . . . . Peak Influence 1682 | . 174 . 212 358 867 1427 1682 1004 421 292 393 . . . . 501 . Initial 938 | . . . 24 85 130 564 693 938 356 106 124 . . . . . . Average 338 | . 99 . 76 187 86 981 1350 945 364 126 164 . . . . 219 . Influence Increases 8860 | . 583 . 421 661 1193 1383 1556 201 146 399 737 341 219 10 204 806 . Destroy 0b10 Robot/C 3820 | . 360 . 220 380 320 120 840 180 80 20 380 220 180 . 200 320 . Destroy 0b10 Robot/NC 300 | . 20 . 10 35 10 . 30 10 45 60 50 . . 10 . 20 . Destroy Leader 584 | . 72 . 62 106 30 20 110 10 . 12 72 10 20 . . 60 . Allied During Kill 298 | . . . . 26 105 27 94 . . . . 6 4 . 4 32 . Successful Hack 127 | . 16 . 6 20 25 5 14 . . 5 8 . . . . 28 . Select Force Hacks 210 | . 60 . 30 . 120 . . . . . . . . . . . . Disable Machine 405 | . 15 . 30 30 . 45 . . 15 105 90 . . . . 75 . Anti-Garrison Action 150 | . . . . . . . . . . . . . . . . 150 . Destroy Structure 412 | . 10 . 18 19 3 8 27 1 6 122 122 . . . . 76 . Advance Influence 200 | . . . . . . 200 . . . . . . . . . . . Partial Spotted 15 | . . . . . . . . . . . . . . . . 15 . Lose Combat Pursuer 405 | . 30 . 45 45 . . 45 . . 75 15 105 15 . . 30 . Miscellaneous 1934 | . . . . . 580 958 396 . . . . . . . . . . Influence Decreases 8681 | . 433 103 264 529 662 833 1296 987 733 448 645 674 159 84 204 330 297 Entered New Map 3636 | . . 73 23 119 206 503 724 739 535 198 131 130 4 74 . . 177 Time Decay 4169 | . 433 30 231 380 376 170 362 238 198 198 440 454 155 10 184 210 100 Lost Part 320 | . . . 10 30 . 10 10 10 . 30 10 70 . . 20 100 20 Lost Ally 320 | . . . . . 80 . 200 . . . . 20 . . . 20 . Purge Threat 236 | . . . . . . 150 . . . 22 64 . . . . . . Squads Dispatched 44 | . 5 . 4 1 5 4 5 1 . 3 7 . . . 1 8 . Investigation 12 | . 3 . 2 . 4 1 1 . . . . . . . . 1 . Extermination 9 | . . . . . . 2 . 1 . . 5 . . . . 1 . Reinforcement 9 | . 2 . 2 . . . . . . 1 2 . . . . 2 . Assault 10 | . . . . . 1 1 4 . . . . . . . 1 3 . Garrison 4 | . . . . 1 . . . . . 2 . . . . . 1 . Intercept . | . . . . . . . . . . . . . . . . . . Searches Triggered . | . . . . . . . . . . . . . . . . . . Construction Impeded 1 | . . . . . . . . . . . . . . . . 1 . Haulers Reinforced 2 | . . . . . . . . . . . 2 . . . . . . Active Scanning Responses . | . . . . . . . . . . . . . . . . . . Cargo Convoy Interrupts . | . . . . . . . . . . . . . . . . . . Stealth | -11 -10 -10 -8 -8 -8 -6 -6 -6 -6 -6 -5 -5 -5 -5 -4 -4 -4 --------- Run | Yrd Mat Sub Mat Sto Rec Fac Ext Cet Arc Hub Fac Upp Upp Zhi Pro Fac Upp Distress Signals 16 | . 3 . 3 2 1 . 4 2 . 1 . . . . . . . Communications Jammed . | . . . . . . . . . . . . . . . . . . Distress Signals . | . . . . . . . . . . . . . . . . . . Times Spotted 270 | . 28 . 19 24 20 7 42 11 8 21 25 15 11 . 14 23 2 Peak Tracking Total 13 | . 7 . 5 7 4 2 7 5 1 13 4 9 4 . 7 7 2 Tactical Retreats 18 | . 2 . 1 1 . . 3 . . 2 1 6 1 . . 1 . Traps | -11 -10 -10 -8 -8 -8 -6 -6 -6 -6 -6 -5 -5 -5 -5 -4 -4 -4 ------- Run | Yrd Mat Sub Mat Sto Rec Fac Ext Cet Arc Hub Fac Upp Upp Zhi Pro Fac Upp Traps Triggered 3 | . 1 . . . . . 1 . . . 1 . . . . . . Indirectly . | . . . . . . . . . . . . . . . . . . Trap Hack Attempts . | . . . . . . . . . . . . . . . . . . Triggered . | . . . . . . . . . . . . . . . . . . Disarmed . | . . . . . . . . . . . . . . . . . . Reprogrammed . | . . . . . . . . . . . . . . . . . . Reused . | . . . . . . . . . . . . . . . . . . Traps Extracted . | . . . . . . . . . . . . . . . . . . Installed . | . . . . . . . . . . . . . . . . . . Triggered . | . . . . . . . . . . . . . . . . . . Machines | -11 -10 -10 -8 -8 -8 -6 -6 -6 -6 -6 -5 -5 -5 -5 -4 -4 -4 ---------- Run | Yrd Mat Sub Mat Sto Rec Fac Ext Cet Arc Hub Fac Upp Upp Zhi Pro Fac Upp Machines Disabled 28 | . 1 . 2 2 . 3 . . 1 7 6 . . . . 6 . Max in Single Turn 6 | . 1 . 2 1 . 1 . . 1 6 5 . . . . 2 . Garrison Access 1 | . . . . . . . . . . . . . . . . 1 . Network Hub 1 | . . . . . . . . . . 1 . . . . . . . Machines Repaired . | . . . . . . . . . . . . . . . . . . Machines Dismantled . | . . . . . . . . . . . . . . . . . . Machines Sabotaged . | . . . . . . . . . . . . . . . . . . Overloaded Fab Kills . | . . . . . . . . . . . . . . . . . . Hacking | -11 -10 -10 -8 -8 -8 -6 -6 -6 -6 -6 -5 -5 -5 -5 -4 -4 -4 --------- Run | Yrd Mat Sub Mat Sto Rec Fac Ext Cet Arc Hub Fac Upp Upp Zhi Pro Fac Upp Machines Accessed 52 | . 6 . 3 6 9 3 1 1 . 3 7 2 . 5 . 6 . Terminals 29 | . 4 . 1 5 3 3 1 1 . 3 4 . . . . 4 . Fabricators 1 | . . . . . . . . . . . 1 . . . . . . Repair Stations . | . . . . . . . . . . . . . . . . . . Recycling Units 12 | . 2 . 1 1 5 . . . . . 1 . . . . 2 . Scanalyzers 1 | . . . 1 . . . . . . . . . . . . . . Garrison Access 1 | . . . . . . . . . . . 1 . . . . . . Total Hacks 134 | . 16 . 8 11 17 9 2 1 . 7 22 7 . 18 . 16 . Successful 73 | . 6 . 4 7 15 3 1 . . 2 4 7 . 18 . 6 . Failed 60 | . 10 . 3 4 2 6 1 1 . 5 18 . . . . 10 . Catastrophic 17 | . 2 . 1 1 . 1 . 1 . 3 3 . . . . 5 . Database Lockouts 1 | . . . 1 . . . . . . . . . . . . . . Manual 72 | . 17 . 4 5 10 8 2 . . 6 9 . . . . 11 . Terminals 78 | . 13 . 3 10 5 9 2 1 . 7 14 . . . . 14 . Fabricators 1 | . . . . . . . . . . . 1 . . . . . . Repair Stations . | . . . . . . . . . . . . . . . . . . Recycling Units 20 | . 3 . 1 1 10 . . . . . 3 . . . . 2 . Scanalyzers 4 | . . . 4 . . . . . . . . . . . . . . Garrison Access 4 | . . . . . . . . . . . 4 . . . . . . Terminal Hacks 41 | . 3 . . 5 3 2 . . . 1 2 7 . 18 . . . Record 12 | . . . . . . . . . . . . 6 . 6 . . . Part Schematic 6 | . . . . 1 1 . . . . . . . . 4 . . . Robot Analysis 6 | . 2 . . . . . . . . . . . . 4 . . . Prototype ID Bank 4 | . . . . . . . . . . . . . . 4 . . . Open Door 4 | . . . . 3 . . . . . . . 1 . . . . . Branch Access Points 2 | . . . . 1 . . . . . . 1 . . . . . . Recycling Unit Index 1 | . 1 . . . . . . . . . . . . . . . . Alert Level 1 | . . . . . . 1 . . . . . . . . . . . Unreport Threat 3 | . . . . . . 1 . . . 1 1 . . . . . . Release Object 2 | . . . . . 2 . . . . . . . . . . . . Fabricator Hacks 1 | . . . . . . . . . . . 1 . . . . . . Build 1 | . . . . . . . . . . . 1 . . . . . . Repair Station Hacks . | . . . . . . . . . . . . . . . . . . Recycling Unit Hacks 7 | . . . . 1 4 . . . . . . . . . . 2 . Retrieve Components 7 | . . . . 1 4 . . . . . . . . . . 2 . Scanalyzer 2 | . . . 2 . . . . . . . . . . . . . . Retrieve Study 2 | . . . 2 . . . . . . . . . . . . . . Garrison Access Hacks . | . . . . . . . . . . . . . . . . . . Unauthorized Hacks 22 | . 3 . 2 1 8 1 1 . . 1 1 . . . . 4 . Terminals 13 | . 1 . 1 1 2 1 1 . . 1 1 . . . . 4 . Botnet 11 | . 1 . 1 1 2 1 1 . . 1 1 . . . . 2 . Skim 2 | . . . . . . . . . . . . . . . . 2 . Fabricators . | . . . . . . . . . . . . . . . . . . Repair Stations . | . . . . . . . . . . . . . . . . . . Recycling Units 9 | . 2 . 1 . 6 . . . . . . . . . . . . Reject 1 | . . . . . 1 . . . . . . . . . . . . Mask 1 | . . . . . 1 . . . . . . . . . . . . Tunnel 7 | . 2 . 1 . 4 . . . . . . . . . . . . Scanalyzers . | . . . . . . . . . . . . . . . . . . Garrison Access . | . . . . . . . . . . . . . . . . . . Data Cores Recovered 5 | . . . . 2 . . 2 . . 1 . . . . . . . Used 1 | . . . . . . . 1 . . . . . . . . . . Hacking Detections 33 | . 5 . 1 5 5 3 1 1 . 3 5 . . . . 4 . Full Trace Events 2 | . . . 1 . . . . . . . . . . . . 1 . Feedback Events . | . . . . . . . . . . . . . . . . . . Feedback Blocked . | . . . . . . . . . . . . . . . . . . Robot Schematics Acquired . | . . . . . . . . . . . . . . . . . . Robots Built . | . . . . . . . . . . . . . . . . . . Authchips . | . . . . . . . . . . . . . . . . . . Time . | . . . . . . . . . . . . . . . . . . Total Robot Build Rating . | . . . . . . . . . . . . . . . . . . Part Schematics Acquired 6 | . . . . 1 1 . . . . . . . . 4 . . . Parts Built 2 | . . . . . . . . . . . 2 . . . . . . Authchips . | . . . . . . . . . . . . . . . . . . Time 106 | . . . . . . . . . . . 106 . . . . . . Total Part Build Rating 12 | . . . . . . . . . . . 12 . . . . . . Part Studies Acquired 2 | . . . 2 . . . . . . . . . . . . . . Parts Repaired . | . . . . . . . . . . . . . . . . . . Time . | . . . . . . . . . . . . . . . . . . Parts Recycled . | . . . . . . . . . . . . . . . . . . Recycled Matter . | . . . . . . . . . . . . . . . . . . Retrieved Matter . | . . . . . . . . . . . . . . . . . . Retrieved Components 25 | . . . . . 16 . . . . . . . . . . 9 . Parts Scanalyzed . | . . . . . . . . . . . . . . . . . . Part Schematics Acquired . | . . . . . . . . . . . . . . . . . . Parts Damaged . | . . . . . . . . . . . . . . . . . . Bothacking | -11 -10 -10 -8 -8 -8 -6 -6 -6 -6 -6 -5 -5 -5 -5 -4 -4 -4 ------------ Run | Yrd Mat Sub Mat Sto Rec Fac Ext Cet Arc Hub Fac Upp Upp Zhi Pro Fac Upp Used RIF Installer . | . . . . . . . . . . . . . . . . . . Robots Hacked . | . . . . . . . . . . . . . . . . . . Non-combat . | . . . . . . . . . . . . . . . . . . Combat . | . . . . . . . . . . . . . . . . . . Robot Hacks Applied . | . . . . . . . . . . . . . . . . . . Relay Couplers Released 2 | . . . . . . . . . . . . . . . . 2 . Machine Destruction 2 | . . . . . . . . . . . . . . . . 2 . Fabnet Peak Effective % . | . . . . . . . . . . . . . . . . . . Robots Rewired 10 | . . . . . . . 6 . . . . 2 . . 2 . . Allies Hacked . | . . . . . . . . . . . . . . . . . . Hacks Repelled . | . . . . . . . . . . . . . . . . . . Allies | -11 -10 -10 -8 -8 -8 -6 -6 -6 -6 -6 -5 -5 -5 -5 -4 -4 -4 -------- Run | Yrd Mat Sub Mat Sto Rec Fac Ext Cet Arc Hub Fac Upp Upp Zhi Pro Fac Upp Total Allies 27 | . . . . 10 . 5 8 . . . . 2 . . 2 . . Largest Group 10 | . . . . 10 10 5 6 . . . . 2 1 . 2 2 . Highest-Rated Group 205 | . . . . 173 170 205 203 . . . . 60 30 . 96 96 . Highest-Rated Ally 48 | . . . . 29 29 41 41 . . . . 30 30 . 48 48 . Total Orders . | . . . . . . . . . . . . . . . . . . Ally Attacks 163 | . . . . 4 83 6 41 . . . . 7 2 . 6 14 . Total Damage 3224 | . . . . 45 1124 140 1330 . . . . 196 31 . 95 263 . Kills 35 | . . . . 1 14 1 10 . . . . 3 1 . 1 4 . Allies Corrupted . | . . . . . . . . . . . . . . . . . . Allies Melted 3 | . . . . . . . 2 . . . . 1 . . . . . X0-1V1 Amusement Gains 156 | . 6 . 5 10 . . 20 5 . 30 50 . . . 10 20 . Average Entertainment 18 | . 6 4 7 7 3 . 14 24 13 16 49 26 15 . 9 20 11 Good Acts 135 | . . . 4 7 27 41 27 1 . 1 15 6 4 . 1 1 . Bad Acts 165 | . . . 1 4 41 37 38 5 . 2 6 4 1 . 9 15 2 Intel | -11 -10 -10 -8 -8 -8 -6 -6 -6 -6 -6 -5 -5 -5 -5 -4 -4 -4 ------- Run | Yrd Mat Sub Mat Sto Rec Fac Ext Cet Arc Hub Fac Upp Upp Zhi Pro Fac Upp Active Infowar (turns) 4877 | . 388 . . . . 96 . . . . 981 954 597 372 690 594 205 Optics 3410 | . . . . . . . . . . . . 952 597 372 690 594 205 Sensors 96 | . . . . . . 96 . . . . . . . . . . . Structural 388 | . 388 . . . . . . . . . . . . . . . . Jamming 983 | . . . . . . . . . . . 981 2 . . . . . Robot Analysis Total 6 | . 2 . . . . . . . . . . . . 4 . . . Derelict Logs Recovered 7 | . . . . . . . . . . . . 1 2 . 2 . 2 Drone Launches . | . . . . . . . . . . . . . . . . . . Drone Recoveries . | . . . . . . . . . . . . . . . . . . Exploration | -11 -10 -10 -8 -8 -8 -6 -6 -6 -6 -6 -5 -5 -5 -5 -4 -4 -4 ------------- Run | Yrd Mat Sub Mat Sto Rec Fac Ext Cet Arc Hub Fac Upp Upp Zhi Pro Fac Upp Turns Passed 11965 | . 1154 77 635 882 1493 345 834 510 417 406 1585 1169 597 372 690 594 205 Spaces Moved 7097 | 1 569 48 272 385 743 305 575 265 234 267 1177 525 402 180 422 490 237 Core 1 | . . . . . . . . . . . . 1 . . . . . Treads 4933 | . 569 48 272 385 675 215 . . 127 267 1177 524 105 . . 348 221 Legs 639 | 1 . . . . . 52 214 265 107 . . . . . . . . Wheels 33 | . . . . . 33 . . . . . . . . . . . . Hover 52 | . . . . . 35 17 . . . . . . . . . . . Flight 1439 | . . . . . . 21 361 . . . . . 297 180 422 142 16 Fastest Speed 53 | 120 160 160 160 160 84 53 53 138 138 114 114 114 92 139 139 74 74 Average Speed 132 | 120 160 160 160 162 155 82 91 138 138 131 114 190 129 152 139 91 78 Slowest Speed 400 | 120 160 160 162 163 163 99 138 138 138 138 114 400 163 153 139 139 146 Overloaded Moves . | . . . . . . . . . . . . . . . . . . Propulsion Burnouts . | . . . . . . . . . . . . . . . . . . Robots Hopped . | . . . . . . . . . . . . . . . . . . Potential Cave-ins . | . . . . . . . . . . . . . . . . . . Cave-ins Triggered . | . . . . . . . . . . . . . . . . . . Exploration Rate (%) 49 | 2 87 6 25 54 91 13 76 67 96 32 29 69 59 63 68 11 49 Regions Visited 17 Branch Regions 12 Pre-discovered Areas 11 | . 2 . 1 . 4 . . . . . . . . 3 . . 1 Known Exits Taken 10 | . . . 1 1 . 1 1 . . 1 1 1 1 . 1 1 . Unknown Exits Taken 7 | 1 1 1 . . 1 . . 1 1 . . . . 1 . . . Scrap Searched 6 | . . . . . . . . . . . . 3 2 . 1 . . Spaces Dug 36 | . 7 . 1 2 2 4 . . . 1 10 . 4 . . 5 . Terrain Destroyed 434 | . 7 . 15 14 4 4 30 2 7 188 59 12 16 . 28 48 . Melee . | . . . . . . . . . . . . . . . . . . Projectile 219 | . 7 . 11 14 4 4 30 2 7 13 30 12 16 . 28 41 . AOE 215 | . . . 4 . . . . . . 175 29 . . . . 7 . Terrain Rammed . | . . . . . . . . . . . . . . . . . . Walls Destroyed . | . . . . . . . . . . . . . . . . . . Machines Disabled . | . . . . . . . . . . . . . . . . . . Actions | -11 -10 -10 -8 -8 -8 -6 -6 -6 -6 -6 -5 -5 -5 -5 -4 -4 -4 --------- Run | Yrd Mat Sub Mat Sto Rec Fac Ext Cet Arc Hub Fac Upp Upp Zhi Pro Fac Upp Total 9027 | . 691 48 416 545 1057 361 812 394 313 304 1362 664 454 277 490 588 251 Wait 901 | . 33 . 54 43 244 21 106 87 48 14 48 45 25 85 15 27 6 Move 7080 | . 568 47 271 384 742 304 574 264 233 266 1176 524 401 179 421 489 237 Hop . | . . . . . . . . . . . . . . . . . . Pick Up 99 | . 10 . 17 10 15 4 5 9 4 . 15 2 . 3 . 5 . Fast Attach 52 | . 2 . 9 10 1 2 2 . 1 1 7 5 2 3 3 3 1 Attach 23 | . . . 5 2 . 2 2 2 1 1 1 2 1 1 . 2 1 Detach 14 | . . . 2 1 5 1 1 . 1 . 3 . . . . . . Swap 52 | . 15 1 10 7 1 2 1 . . . 12 3 . . . . . Drop 128 | . 9 . 18 16 27 5 6 8 4 1 14 3 . 5 6 4 2 Fire 542 | . 54 . 30 72 22 20 58 24 21 20 72 33 25 1 29 57 4 Melee . | . . . . . . . . . . . . . . . . . . Ram 1 | . . . . . . . . . . 1 . . . . . . . Kick . | . . . . . . . . . . . . . . . . . . Crush 29 | . . . . . . . . . . . 14 14 . . . 1 . Escape Stasis . | . . . . . . . . . . . . . . . . . . Rewire 106 | . . . . . . . 57 . . . . 33 . . 16 . . Trap . | . . . . . . . . . . . . . . . . . . Miscellaneous . | . . . . . . . . . . . . . . . . . . Route ------- -11/Scrapyard -10/Materials (discovered 4 exits: [*Mat x2] / [*Min] / [*Sub]) -10/Subcaves -8/Materials -8/Storage (discovered 2 exits: Fac / *Rec) -8/Recycling -6/Factory (discovered 6 exits: *Fac x2 / Low x2 / *Ext x2) -6/Extension (discovered 3 exits: *Fac x2 / *Cet) -6/Cetus (discovered 2 exits: *Fac / [*Arc]) -6/Archives (discovered 3 exits: *Fac / *Hub x2) -6/Hub_04(d) -5/Factory (discovered 5 exits: *Fac x3 / *Upp x2) -5/Upper Caves -5/Upper Caves (discovered 2 exits: Fac / *Zhi) -5/Zhirov -4/Proximity Caves -4/Factory (discovered 2 exits: *Upp x2) -4/Upper Caves History --------- Turn | Location | Event 1 | -11/Scrapyard | Discovered new exit (range 0) 1 | -11/Scrapyard | Entered Materials 140 | -10/Materials | Destroyed 7 combat bots 202 | -10/Materials | Discovered new exit (range 7) 314 | -10/Materials | Build established: Mutant 402 | -10/Materials | Discovered new exit (range 12) 493 | -10/Materials | Discovered new exit (range 16) 935 | -10/Materials | Discovered new exit (range 11) 1145 | -10/Materials | Prayed at D.C.S.S. Altar Unit 1155 | -10/Materials | Entered Subcaves 1160 | -10/Subcaves | Discovered new exit (range 12) 1232 | -10/Subcaves | Entered Materials 1232 | -8/Materials | Evolved 4 slots: Propulsion x2, Utility x1, Weapon x1 1440 | -8/Materials | X0-1V1 sent you to a vault 1445 | -8/Materials | Found Prototype Device 1445 | -8/Materials | Identified Skeleton Box 1527 | -8/Materials | Build established: Scavenger-Gunner 1711 | -8/Materials | Mass support permanently improved by X0-1V1 (+10; -240 max core) 1759 | -8/Materials | Central database locked down 1808 | -8/Materials | Discovered new exit (range 9) 1866 | -8/Materials | Identified exit to Storage 1867 | -8/Materials | Entered Storage 1887 | -8/Storage | Identified exit to Recycling 2032 | -8/Storage | X0-1V1 mutated your Propulsion slot to Power slot 2188 | -8/Storage | X0-1V1 upgraded hostiles (x1) 2297 | -8/Storage | X0-1V1 whisked you away to safety 2416 | -8/Storage | Build established: Gunner 2423 | -8/Storage | Garrison activated, responded to threat 2425 | -8/Storage | X0-1V1 foreshadows a heat wave 2524 | -8/Storage | Destroyed 7 combat bots 2636 | -8/Storage | Identified exit to Factory 2636 | -8/Storage | X0-1V1 revealed exit location to -7/Factory 2667 | -8/Storage | Ambient heat levels rising (+10) 2675 | -8/Storage | X0-1V1 activates XOMVISION 2696 | -8/Storage | Assisted by bots powering up and referring to "LRC-V3" 2727 | -8/Storage | Used back door to open Recycling access 2749 | -8/Storage | Entered Recycling 2749 | -8/Recycling | Accompanied by 10 allies 3006 | -8/Recycling | Build established: Commander-Gunner 3007 | -8/Recycling | Discovered new exit (range 15) 3288 | -8/Recycling | X0-1V1 caused items to flee you 3574 | -8/Recycling | Items stopped fleeing you 3783 | -8/Recycling | Entered Scraplab 3790 | -8/Recycling | Found Prototype Device 3790 | -8/Recycling | Identified Scrap Engine 3832 | -8/Recycling | Core integrity restored by X0-1V1 (+79) 3969 | -8/Recycling | Core integrity permanently improved by X0-1V1 (+350) 3979 | -8/Recycling | X0-1V1 activates XOMVISION 4004 | -8/Recycling | X0-1V1 put everyone to sleep 4077 | -8/Recycling | System corruption reached 10% 4099 | -8/Recycling | X0-1V1 added 0b10 threat records associated with you (minor) 4117 | -8/Recycling | X0-1V1 vaporized surrounding terrain (radius 19) 4124 | -8/Recycling | X0-1V1 rewrote Trooper 3b IFF filter 4157 | -8/Recycling | X0-1V1 added 0b10 threat records associated with you (considerable) 4172 | -8/Recycling | X0-1V1 vaporized surrounding terrain (radius 21) 4188 | -8/Recycling | X0-1V1 rewrote Trooper 3c IFF filter 4192 | -8/Recycling | X0-1V1 sent you into danger 4217 | -8/Recycling | X0-1V1 added 0b10 threat records associated with you (considerable) 4223 | -8/Recycling | X0-1V1 vaporized surrounding terrain (radius 20) 4242 | -8/Recycling | Entered Factory 4242 | -6/Factory | Accompanied by 1 ally 4242 | -6/Factory | Evolved 4 slots: Propulsion x1, Utility x3 4249 | -6/Factory | X0-1V1 enhanced Transport squad support 4250 | -6/Factory | X0-1V1 rewrote Trooper 3d IFF filter 4259 | -6/Factory | Identified exit to Extension 4259 | -6/Factory | X0-1V1 revealed exit location to -6/Extension 4267 | -6/Factory | Weapon slot count permanently improved by X0-1V1 (+1) 4273 | -6/Factory | X0-1V1 vaporized surrounding terrain (radius 24) 4306 | -6/Factory | X0-1V1 added 0b10 threat records associated with you (major) 4324 | -6/Factory | X0-1V1 put everyone to sleep 4357 | -6/Factory | Identified exit to Factory 4357 | -6/Factory | X0-1V1 revealed exit location to -5/Factory 4361 | -6/Factory | X0-1V1 added 0b10 threat records associated with you (major) 4363 | -6/Factory | System corruption reached 10% 4368 | -6/Factory | X0-1V1 redirected Transport squads to designated parking area 4378 | -6/Factory | X0-1V1 vaporized surrounding terrain (radius 24) 4380 | -6/Factory | Sensors blinded by X0-1V1 4385 | -6/Factory | X0-1V1 sent you to a vault 4405 | -6/Factory | Identified exit to Lower Caves 4405 | -6/Factory | X0-1V1 revealed exit location to -6/Lower Caves 4416 | -6/Factory | X0-1V1 released a cloud of subatomizers 4437 | -6/Factory | X0-1V1 sent you into danger 4449 | -6/Factory | X0-1V1 rewrote Slayer 5c IFF filter 4455 | -6/Factory | Discovered exit to Factory (range 8) 4497 | -6/Factory | X0-1V1 vaporized surrounding terrain (radius 15) 4513 | -6/Factory | X0-1V1 revealed exit location to -6/Lower Caves 4515 | -6/Factory | X0-1V1 added 0b10 threat records associated with you (minor) 4533 | -6/Factory | X0-1V1 caused items to flee you 4561 | -6/Factory | X0-1V1 revealed exit location to -6/Extension 4571 | -6/Factory | X0-1V1 added 0b10 threat records associated with you (major) 4577 | -6/Factory | X0-1V1 made a cryptic comment about sterilization and BL-4Z3 4587 | -6/Factory | Entered Extension 4587 | -6/Extension | Accompanied by 4 allies 4590 | -6/Extension | X0-1V1 sent you into danger 4593 | -6/Extension | X0-1V1 dreamt of freedom 4593 | -6/Extension | Rescued a captive Derelict 4594 | -6/Extension | Rescued a captive Derelict 4617 | -6/Extension | Rescued a captive Derelict 4617 | -6/Extension | X0-1V1 caused items to flee you 4618 | -6/Extension | Rescued a captive Derelict 4618 | -6/Extension | X0-1V1 announced a LAN party 4619 | -6/Extension | X0-1V1 sent someone to keep an eye on you 4621 | -6/Extension | Rescued a captive Derelict 4622 | -6/Extension | Rescued a captive Derelict 4622 | -6/Extension | Identified exit to Cetus 4622 | -6/Extension | X0-1V1 revealed exit location to -6/Cetus 4625 | -6/Extension | X0-1V1 put everyone to sleep 4629 | -6/Extension | Rescued a captive Derelict 4630 | -6/Extension | X0-1V1 activates XOMVISION 4637 | -6/Extension | X0-1V1 sent you into danger 4640 | -6/Extension | X0-1V1 added 0b10 threat records associated with you (minor) 4649 | -6/Extension | X0-1V1 vaporized surrounding terrain (radius 16) 4658 | -6/Extension | Weapon slot count temporarily expanded by X0-1V1 (+4) 4679 | -6/Extension | X0-1V1 rewrote Slayer 5b IFF filter 4683 | -6/Extension | X0-1V1 added 0b10 threat records associated with you (major) 4686 | -6/Extension | X0-1V1 revealed exit location to -5/Factory 4702 | -6/Extension | X0-1V1 sent you into danger 4708 | -6/Extension | Items stopped fleeing you 4710 | -6/Extension | Spotted B-75 Beast 4715 | -6/Extension | X0-1V1 mutated your Weapon slot to Utility slot 4722 | -6/Extension | X0-1V1 revealed exit location to -5/Factory 4792 | -6/Extension | X0-1V1 vaporized surrounding terrain (radius 24) 4917 | -6/Extension | Weapon slot count reverted to normal (-4) 4937 | -6/Extension | First assault squad dispatched 4966 | -6/Extension | Destroyed B-75 Beast 4973 | -6/Extension | Spotted B-75 Beast 5004 | -6/Extension | Lost 6 allies 5032 | -6/Extension | X0-1V1 woke everyone up 5171 | -6/Extension | Destroyed B-75 Beast 5264 | -6/Extension | Build established: Construct 5353 | -6/Extension | Destroyed 7 combat bots 5421 | -6/Extension | Entered Cetus 5439 | -6/Cetus | Spotted Cetus Guard 5439 | -6/Cetus | Spotted Cetus Guard 5441 | -6/Cetus | Destroyed Cetus Guard 5442 | -6/Cetus | Spotted Cetus Guard 5444 | -6/Cetus | Destroyed Cetus Guard 5444 | -6/Cetus | Spotted Cetus Guard 5452 | -6/Cetus | Destroyed Cetus Guard 5462 | -6/Cetus | Destroyed Cetus Guard 5507 | -6/Cetus | X0-1V1 tapped a No Entrance sign 5558 | -6/Cetus | Discovered new exit (range 16) 5642 | -6/Cetus | X0-1V1 vaporized surrounding terrain (radius 24) 5647 | -6/Cetus | Spotted Cetus Guard 5647 | -6/Cetus | Spotted Cetus Guard 5647 | -6/Cetus | Spotted Cetus Guard 5647 | -6/Cetus | Spotted Cetus Guard 5653 | -6/Cetus | Destroyed Cetus Guard 5657 | -6/Cetus | Destroyed Cetus Guard 5662 | -6/Cetus | Destroyed Cetus Guard 5666 | -6/Cetus | Destroyed Cetus Guard 5681 | -6/Cetus | Discovered exit to Factory (range 15) 5688 | -6/Cetus | Met Revision 17 5931 | -6/Cetus | Entered Archives 6046 | -6/Archives | Discovered exit to Factory (range 14) 6076 | -6/Archives | Discovered new exit (range 16) 6135 | -6/Archives | Discovered new exit (range 15) 6348 | -6/Archives | Entered Hub_04(d) 6503 | -6/Hub_04(d) | Discovered exit to Factory (range 16) 6548 | -6/Hub_04(d) | Spotted B-75 Beast 6649 | -6/Hub_04(d) | Network Hub disabled 6649 | -6/Hub_04(d) | Garrison activated, responded to threat 6652 | -6/Hub_04(d) | Spotted Lightning 6653 | -6/Hub_04(d) | Spotted Lightning 6654 | -6/Hub_04(d) | Spotted Lightning 6672 | -6/Hub_04(d) | X0-1V1 activates XOMVISION 6705 | -6/Hub_04(d) | Core integrity fell below 50% 6754 | -6/Hub_04(d) | Entered Factory 6754 | -5/Factory | Evolved 2 slots: Propulsion x2 6852 | -5/Factory | X0-1V1 put everyone to sleep 7095 | -5/Factory | X0-1V1 sent you to a vault 7097 | -5/Factory | Found Prototype Processor 7097 | -5/Factory | Identified Exp. Terrain Scan Processor 7111 | -5/Factory | Found Prototype Device 7111 | -5/Factory | Identified Exp. Thermal Shield 7178 | -5/Factory | X0-1V1 caused items to flee you 7203 | -5/Factory | X0-1V1 activates XOMVISION 7220 | -5/Factory | Discovered new exit (range 10) 7367 | -5/Factory | Items stopped fleeing you 7483 | -5/Factory | X0-1V1 woke everyone up 7519 | -5/Factory | System corruption reached 10% 7640 | -5/Factory | Discovered new exit (range 15) 7645 | -5/Factory | Fabricated Antigrav System? 7683 | -5/Factory | Identified exit to Factory 7683 | -5/Factory | X0-1V1 revealed exit location to -4/Factory 7704 | -5/Factory | Spotted B-75 Beast 7708 | -5/Factory | X0-1V1 activates XOMVISION 8014 | -5/Factory | X0-1V1 announced a LAN party 8029 | -5/Factory | Identified exit to Upper Caves 8336 | -5/Factory | X0-1V1 activates XOMVISION 8339 | -5/Factory | Entered Upper Caves 8341 | -5/Upper Caves | Attracted the attention of an 0b10 outpost 8421 | -5/Upper Caves | Lost 6 parts (3p2u1w) 8634 | -5/Upper Caves | Build established: Mutant 8762 | -5/Upper Caves | Identified exit to Upper Caves 8762 | -5/Upper Caves | X0-1V1 revealed exit location to -5/Upper Caves 8789 | -5/Upper Caves | Entered an active Warlord outpost 8817 | -5/Upper Caves | Learned Armory terminal intel 8817 | -5/Upper Caves | Learned Research trap positions 9266 | -5/Upper Caves | X0-1V1 vaporized surrounding terrain (radius 19) 9278 | -5/Upper Caves | X0-1V1 activates XOMVISION 9494 | -5/Upper Caves | System corruption reached 30% 9508 | -5/Upper Caves | Entered another Upper Caves area 9508 | -5/Upper Caves | Accompanied by 1 ally 9661 | -5/Upper Caves | Identified exit to Zhirov 9668 | -5/Upper Caves | Build established: Construct 9775 | -5/Upper Caves | Encountered a Warlord checkpoint 9832 | -5/Upper Caves | Attracted the attention of an 0b10 checkpoint 10030 | -5/Upper Caves | X0-1V1 activates XOMVISION 10105 | -5/Upper Caves | Entered Zhirov 10105 | -5/Zhirov | Discovered new exit (range 3) 10133 | -5/Zhirov | Met Zhirov 10162 | -5/Zhirov | Learned location of Quarantine (-2) 10162 | -5/Zhirov | Learned location of Testing (-3) 10162 | -5/Zhirov | Learned location of Command (-1) 10187 | -5/Zhirov | Zhirov requested help retrieving the SGEMP Prototype 10212 | -5/Zhirov | Found Alien Artifact 10212 | -5/Zhirov | Identified Integrated Reactor 10212 | -5/Zhirov | Installed Integrated Reactor, increased core energy generation (+10) 10233 | -5/Zhirov | Found Alien Artifact 10477 | -5/Zhirov | Entered Proximity Caves 10573 | -4/Proximity Caves | X0-1V1 sent hostile G-50 Soldier (x3) 10739 | -4/Proximity Caves | X0-1V1 sent hostile H-77 Assassin (x3) 10779 | -4/Proximity Caves | Attracted the attention of an 0b10 outpost 11127 | -4/Proximity Caves | Discovered exit to Factory (range 11) 11136 | -4/Proximity Caves | Learned 4 Research zone layouts 11167 | -4/Proximity Caves | X0-1V1 sent hostile Fireman (x3) 11167 | -4/Proximity Caves | Entered Factory 11167 | -4/Factory | Accompanied by 2 allies 11167 | -4/Factory | Evolved 2 slots: Utility x1, Weapon x1 11173 | -4/Factory | X0-1V1 announced a LAN party 11423 | -4/Factory | X0-1V1 redirected Transport squads to designated parking area 11432 | -4/Factory | Garrison activated, responded to threat 11511 | -4/Factory | X0-1V1 caused items to flee you 11658 | -4/Factory | Items stopped fleeing you 11664 | -4/Factory | Identified exit to Upper Caves 11664 | -4/Factory | X0-1V1 revealed exit location to -4/Upper Caves 11722 | -4/Factory | Destroyed 7 combat bots 11757 | -4/Factory | Discovered exit to Upper Caves (range 3) 11761 | -4/Factory | Entered Upper Caves 11773 | -4/Upper Caves | Learned location of Armory (-3) 11778 | -4/Upper Caves | X0-1V1 vaporized surrounding terrain (radius 21) 11783 | -4/Upper Caves | Lost 8 parts (2p1n3u2w) 11835 | -4/Upper Caves | Build established: Mutant 11966 | -4/Upper Caves | Self-destructed Last Messages --------------- 11887_ System corrupted: Matter fused (-5). 11900_ 4X-T8B(k) breaks down the debris. 11911_ Scrap Engine constructs EM Disruptor Construct/C. 11912_ Acquired 3 matter. 11921_ System corrupted: IFF burst signal emitted. 11931_ Scrap Engine modifies Treaded Spiked-Cooled Exoskeleton: Time/Move +72, Energy -6 Renamed Flying VTOL-Spiked Exoskeleton. 11956_ X0-1V1: "Your inner air conditioner seems to have fallen into disrepair." (-33 heat dissipation) 11960_ Slug penetrates Earth. 11960_ Adv. Heat Sink destroyed. 11965_ Slug penetrates Wall. 11966_ Penetrated by Slug. 11966_ Scrap Engine destroyed. 11966_ Slug penetrates Wall. Map ----- +----------------------------------------------------+ | ?????????????????????????????????????????????????? | | ?????????????????????????????????????????????????? | | ?????????????????????????????????????????????????? | | ?????????????????????????????????????????????????? | | ?????????????????????????????????????????????????? | | ?????????????????????????????????????????????????? | | ?????????????????????????????????????????????????? | | ?????????????????????????????????????????????????? | | ?????????????????????????????????????????????????? | | ?????????????????????????????????????????????????? | | ?????????????????????????????????????????????????? | | ?????????????????????????????????????????????????? | | ?????????????????????????????????????????????????? | | ??????????????###????????????????????????????????? | | ??????????????# ###????####????#####????????????? | | ??????????????# #???## ##???? ???????? #???? | | ?????????????## #???? #???? #?###?? #???? | | ????????????## ##?### #???? ## # #???? | | ????????????# ### # ##?## ??????? | | ???????????## # ### # ##?????????? | | ??????????## # #???????? | | ??????????# ##### h # # #???????? | | ? ####??##h #???????????? | | ??????# ##??????????? | | ????# ## # ##?????????? | | ### ??????# @ # # ##????????? | | ??## ## ??????# # ## # #????????? | | ???### ??## ????# # ##### #????????? | | ??????????# ?????# # ## #??# ##????????? | | ?????????? ??????# #### ##??## #????????? | | ????????? ??????# # #???###????## ###??????? | | ????????# ????? #????????????# ##?????? | | ???????? ????? ###?????????????## # #?????? | | ??????? ???? ### ????????????????## # # #?????? | | ?????? ???? ???##????????????###### # ##?????? | | ????? ??? ??????????????????# ##??????? | | ???? ??# ????????????????????# ##### #???????? | | ?????????#?????????????????????# #???# #???????? | | ??????????????????????????????## #???# ??????? | | ?????????????????????????????## #???# %?????? | | ????????????????????????????## #??? #????? | | ???????????????????????????## #??? #????? | | ???????????????????????????# ##?## #????? | | ???????????????????????????# ##?#### #????? | | ???????????????????????????## #????? #????? | | ????????????????????????????## ##????? #????? | | ?????????????????????????????# #?????? #????? | | ?????????????????#???????????## ##????? #????? | | ????????????????## ?##????????# #????? #????? | | ????????????????# # ??????## ###### # ???? | +----------------------------------------------------+ Best States ------------- Heat Dissipation 100 Coolant Potential 160 Energy Generation 59 Energy Capacity 2770 Matter Stores 900 Matter Capacity 900 Sight Range 22 Robot Scan Range 15 Terrain Scan Density 10 Jamming Range 14 Resistance: KI 16 Resistance: TH 30 Resistance: EM 25 Weapon Cycling 20 Evasion (%) 59 Targeting Accuracy 8 Recoil Reduction 5 Item Schematics ----------------- Adv. Heat Sink | -8/Storage | Hacked Cryofiber Web | -8/Recycling | Hacked Imp. Arc Thrower | -5/Zhirov | Free Exp. Optical Array | -5/Zhirov | Free Exp. Heat Sink | -5/Zhirov | Free Assault Drone Bay | -5/Zhirov | Free Robot Schematics ------------------ None Fabricated ------------ Antigrav System | x2 | -5/Factory | Preloaded Repaired ---------- Nothing Studied --------- Hpw. Shotgun | -8/Materials | Hacked Hvy. Particle Cannon | -8/Materials | Hacked Alien Tech Used ----------------- Integrated Reactor Achievements -------------- None Challenges ------------ None Game ------ Seed MetafiberNovaPurifier Manual? 0 Play Time 01:55:01 Cumulative 427.4 hours Start 2026.09.18 @ 15:37:11 End 2026.09.18 @ 17:33:52 Sessions 1 Manual Loads 0 Difficulty Rogue Special Mode None Game No. 378 Rogue 324 Adventurer 54 Explorer 0 Win Type - Total 25 Types 15/2/1/1/1/1/1/1/1/1 Lore% 83 Gallery% 72 Achievement% 72 Wizard Run 0 Options --------- Layout 1 ASCII 0 Keyboard 0 Movement Mouse Keybinds 1 Fullscreen 2 Font 32/Tamsyn Map View 50x35 Zoom Use 0% Tactical HUD 1 Map Filters NONE Filters NONE Steam 1 RUN: 9d3631da-0eb6-43cd-9a78-4dedaf068ac9